 Dungeon Crawl Stone Soup version 0.30-a0-737-gf23d94013f (webtiles) character file.

Game seed: 10378832378952809107

55 Monkooky the Gusty (level 3, -2/29 HPs)
             Began as a Demigod Air Elementalist on Feb 3, 2023.
             Slain by a phantom (6 damage)
             ... on level 3 of the Dungeon.
             The game lasted 00:04:27 (2390 turns).

Monkooky the Gusty (Demigod Air Elementalist)       Turns: 2390, Time: 00:04:28

Health: -2/29      AC:  2    Str:  9    XL:     3   Next: 45%
Magic:  6/8        EV: 12    Int: 21    God:
Gold:   132        SH:  0    Dex: 14    Spells: 2/5 levels left

rFire   . . .      SeeInvis .    j - staff of air
rCold   . . .      Faith    .    (no shield)
rNeg    . . .      Spirit   .    a - +0 robe
rPois   .          Reflect  .    (no helmet)
rElec   +          Harm     .    (no cloak)
rCorr   .          Rampage  .    (no gloves)
Will    .....                    (no boots)
Stlth   ++                       (no amulet)
HPRegen 0.24/turn                (no ring)
MPRegen 0.11/turn                (no ring)

@: flying, very slightly contaminated
A: high MP 1, forlorn, divine attributes
a: no special abilities


You were on level 3 of the Dungeon.
You visited 1 branch of the dungeon, and saw 4 of its levels.

You collected 132 gold pieces.

Inventory:

Missiles
 h - 2 throwing nets
Armour
 a - a +0 robe (worn)
 d - +0 swamp dragon scales
Magical Staves
 j - a staff of air (weapon)
Scrolls
 c - a scroll of silence {unknown}
 f - 2 scrolls of teleportation {unknown}
 i - 2 scrolls of magic mapping {unknown}
 k - a scroll of amnesia {unknown}
 l - a scroll of fog {unknown}
 n - 3 scrolls of identify {unknown}
 r - a scroll of vulnerability {unknown}
 s - a scroll of fear {unknown}
 t - a scroll of immolation {unknown}
 u - a scroll of enchant weapon {unknown}
 w - a scroll of butterflies {unknown}
Potions
 b - a potion of magic
 e - 2 potions of curing {unknown}
 g - 2 potions of flight
 m - a potion of cancellation {unknown}
 o - a potion of might {unknown}
 p - a potion of degeneration {unknown}
 q - a potion of mutation {unknown}
 v - a potion of heal wounds {unknown}


   Skills:
 - Level 2.3 Fighting
 - Level 1.7 Dodging
 - Level 1.7 Stealth
 - Level 1.7 Spellcasting
 + Level 2.1 Conjurations
 - Level 2.6 Air Magic


You had 2 spell levels left.
You knew the following spells:

 Your Spells              Type           Power      Damage    Failure   Level
a - Shock                 Conj/Air       68%        1d7       5%          1
b - Static Discharge      Conj/Air       34%        2-4/arc   9%          2

Your spell library contained the following spells:

 Spells                   Type           Power      Damage    Failure   Level
 Foxfire                  Conj/Fire      24%        2x1d5     10%         1
 Necrotise                Necr           4%         1d4       16%         1
 Swiftness                Air            19%        N/A       16%         3
 Vampiric Draining        Necr           1%         2d6       41%         3
 Airstrike                Air            9%         2d(2-18)  45%         4
 Fireball                 Conj/Fire      3%         3d4       95%         5
 Agony                    Necr           1%         N/A       99%         5
 Starburst                Conj/Fire      3%         6d3       100%        6


Dungeon Overview and Level Annotations

Branches:
Dungeon (4/15)
 Temple: D:4-7


Innate Abilities, Weirdness & Mutations

You have an increased reservoir of magic. (+10% MP)
You shall have no god before yourself.
Your divine heritage dramatically boosts your attributes as you level up.


Message History

Confirm with . or Enter, or press ? or * to list all spells.
You feel a surge of power!
You miscast Static Discharge.
You are very lightly contaminated with residual magic.
Nothing appears to happen.
The phantom hits you.
Casting: Static Discharge (safe; 9% risk of failure)
Confirm with . or Enter, or press ? or * to list all spells.
You feel a surge of power!
You miscast Static Discharge.
Nothing appears to happen.
The phantom hits you.
The phantom blinks!
You blink.
You aren't carrying any items that you can evoke.
Aiming: Shock (safe; 5% risk of failure)
Press: ? - help, Q - select action, (/) - cycle Shift-Dir - straight line You can't see that place.
Okay, then.
The phantom attacks as you move away! The phantom hits you.
Aiming: Shock (safe; 5% risk of failure)
Press: ? - help, Q - select action, (/) - cycle Shift-Dir - straight line You feel a surge of power!
The zap hits the phantom.
The phantom is moderately damaged.
The zap misses the phantom.
The phantom barely misses you.
Aiming: Shock (safe; 5% risk of failure)
Press: ? - help, Q - select action, (/) - cycle Shift-Dir - straight line You feel a surge of power!
The zap hits the phantom.
The phantom is heavily damaged.
The zap hits the phantom.
The phantom is severely damaged.
The phantom completely misses you.
It was a potion of flight.
You feel very buoyant.
You fly up into the air.
The phantom barely misses you. Magic courses through your body.
The phantom hits you.
* * * LOW HITPOINT WARNING * * *
The phantom blinks!
You blink.
Casting: Shock (safe; 5% risk of failure)
Confirm with . or Enter, or press ? or * to list all spells.
You feel a surge of power!
The phantom is struck by an arc of lightning.
The phantom is almost destroyed.
You resist.
You are struck by an arc of lightning.
The phantom hits you.
You die...

# #.# #.#.# # ##'######.#.#
# ####.........#.# ######
#............#.# '....#
#............#.# ####.#
#.....§......#.# # #.#
#......§.....#.#
####.#######............#.#
...............W@.......#.#
........................#.#
.......................##.#
####.########'##'########.#
..................# #.#
#.#.####..........# #.#
..#...............# #.#
#######...........# #.#
...# #...........# #.#


You could see a phantom.

Vanquished Creatures
  An adder (D:3)
  3 dart slugs
  An orc (D:3)
  4 ball pythons
  4 bats
  4 endoplasms (D:1)
  2 giant cockroaches (D:1)
  6 goblins
  4 hobgoblins
  2 frilled lizards
  A kobold (D:1)
  2 rats (D:2)
34 creatures vanquished.

Notes
Turn   | Place    | Note
-------+----------+-------------------------------------------
     0 | D:1      | Monkooky the Demigod Air Elementalist began the quest for
                  | the Orb.
     0 | D:1      | Reached XP level 1. HP: 14/14 MP: 5/5
    79 | D:1      | Reached skill level 1 in Fighting
   281 | D:1      | Reached XP level 2. HP: 24/24 MP: 2/7
   736 | D:1      | Learned a level 2 spell: Static Discharge
   743 | D:1      | Reached skill level 1 in Conjurations
  1216 | D:2      | Reached XP level 3. HP: 29/29 MP: 4/8
  2375 | D:4      | Noticed a phantom
  2390 | D:3      | Slain by a phantom

Illustrated notes

Levels and vault maps discovered:
D:1:      ebering_trefoil_twist, layout_rooms, st_stairs_7
D:2:      layout_basic, chequers_serial_rivers_small_3
D:3:      layout_basic, zin_treasury
D:4:      layout_layer_cave, minmay_temple_entry_glass,
          nicolae_shop_firing_range, uniq_robin

Skill      XL: |  1  2  3 |
---------------+----------+-----
Fighting       | 1 2 |  2.3
Conjurations   | 1 2 |  2.1
Dodging        | |  1.7
Stealth        | |  1.7
Spellcasting   | |  1.7
Air Magic      | |  2.6

Action                     || total
---------------------------++-------
  Melee: Unarmed           ||     5
         Staff             ||    16
   Cast: Shock             ||    63
         Static Discharge  ||     6
    Use: Potion            ||     2
   Stab: Sleeping          ||     1
 Armour: Robe              ||     8
  Dodge: Dodged            ||    35

Table legend: (Time is in decaauts)
 A = Elapsed time spent in this place.
 B = Non-inter-level travel time spent in this place.
 C = Inter-level travel time spent in this place.
 D = Time resting spent in this place.
 E = Time spent auto-exploring this place.
 F = Levels seen in this place.
 G = Mean time per level.
                   A        B        C        D        E       F      G
               +--------+--------+--------+--------+--------+-----+--------+
         Total |   2394 |   2373 |     21 |      0 |   2086 |   4 |  598.5 |
       Dungeon |   2394 |   2373 |     21 |      0 |   2086 |   4 |  598.5 |
               +--------+--------+--------+--------+--------+-----+--------+

Top non-repeatable levels by time:
     D:1: 1011 daAuts
     D:2: 689 daAuts
     D:3: 688 daAuts
     D:4: 4 daAuts
